 Dungeon Crawl Stone Soup version 0.31.0-12-g77e489cdc1 (webtiles) character file.

Game seed: 9135601049462116959

156 lordive the Changeling (level 5, -6/33 HPs)
             Began as an Octopode Shapeshifter on Feb 29, 2024.
             Mangled by Sigmund
             ... wielding a +2 scythe of venom
              (13 damage)
             ... on level 3 of the Dungeon.
             The game lasted 00:02:08 (2242 turns).

lordive the Changeling (Octopode Shapeshifter)      Turns: 2242, Time: 00:02:10

Health: -6/33      AC:  1    Str: 14    XL:     5   Next: 37%
Magic:  5/5        EV: 13    Int: 14    God:
Gold:   75         SH:  0    Dex: 11    Spells: 4/4 levels left

rFire   . .          .
                       - Unarmed
rCold   . . .        (no shield)
rNeg    . . .        (helmet currently unavailable)
rPois   .            (no amulet)
rElec   .            (no ring)
rCorr   .            (no ring)
SInv    .            (no ring)
Will    .....        (no ring)
Stlth   ++           (no ring)
HPRegen 0.25/turn    (no ring)
MPRegen 0.09/turn    (no ring)
                     (no ring)

%: no passive effects
@: lethally poisoned (-6 -> -18), beast-form
A: beast (slay +2), almost no armour, amphibious, 8 rings, camouflage 1,
gelatinous body 1, (nimble swimmer 1), tentacles
a: Begin Untransformation


You were on level 3 of the Dungeon.
You were a hulking beast.
You visited 1 branch of the dungeon, and saw 3 of its levels.

You collected 75 gold pieces.

Inventory:

Jewellery
 m - a +6 ring of intelligence
Talismans
 b - a beast talisman
 c - a flux talisman
Scrolls
 e - 2 scrolls of teleportation {unknown}
 g - a scroll of poison {unknown}
 i - 3 scrolls of blinking {unknown}
 j - a scroll of torment {unknown}
 l - a scroll of enchant weapon {unknown}
Potions
 a - 2 potions of lignification
 d - a potion of enlightenment {unknown}
 f - a potion of heal wounds {unknown}
 h - a potion of attraction {unknown}
 k - a potion of brilliance {unknown}


   Skills:
 + Level 1.2 Fighting
 + Level 2.3 Dodging
 + Level 4.4 Unarmed Combat
 * Level 4.4 Shapeshifting


You had 4 spell levels left.
You didn't know any spells.
Your spell library was empty.

Dungeon Overview and Level Annotations

Branches:
Dungeon (3/15)

Altars:

Annotations:
D:3 Sigmund


Innate Abilities, Weirdness & Mutations

You are a hulking beast.
Your limbs bulge with bestial killing power. (Slay +2)
You cannot wear most types of armour.
You are amphibious.
You can wear up to eight rings at the same time.
Your skin changes colour to match your surroundings (Stealth+).
Your rubbery body absorbs attacks. (AC +1, EV +1)
((You are camouflaged when in or above water. (Stealth+)))
You have tentacles for arms and can constrict up to eight enemies at once.


Message History

Found a stone staircase leading down.
There is a stone staircase leading down here.
You now have 75 gold pieces (gained 8).
You open the door.
Found a faded altar of an unknown god.
There is an open door here.
You open the door.
There is an open door here.
There is a faded altar of an unknown god here.
You open the door.
There is an open door here.
You open the door.
Sigmund the Dreaded comes into view.
He is wielding a +2 scythe of venom and wearing a +2 robe of willpower.
Sigmund is nearby!
There is an open door here.
Found a metallic dark potion.
Sigmund hits you with a +2 scythe of venom.
You tentacle-slap Sigmund. You grab Sigmund.
Sigmund is lightly wounded.
You constrict Sigmund.
You tentacle-slap Sigmund but do no damage.
Sigmund is lightly wounded.
You constrict Sigmund. Sigmund casts a spell at you.
The puff of flame hits you!
You barely miss Sigmund. You squeeze Sigmund, but do no damage.
Sigmund is lightly wounded.
You constrict Sigmund.
Sigmund hits you with a +2 scythe of venom!
You are lethally poisoned!
You are too injured to fight recklessly!
You are too injured to fight recklessly!
You bludgeon Sigmund!
Sigmund is heavily wounded.
You constrict Sigmund.
* * * LOW HITPOINT WARNING * * *
You feel very sick.
Sigmund hits you with a +2 scythe of venom!
You die...
Sigmund begins carving another notch in his scythe.

#.##.# #.# #..#...#
#.##.# #.# #..#...####
.....### ##+#
#.........# .......#
##...# ##.##.###.#
#.####.# ##.....##
########.# #.#.##.#
#.......## #.....#.#
#....#.##.........#
#'###.#.#
........+.......@.+
#...#.#.#
##...#.##!......h.#
####.#.#.# ###.##.#
#........# ##.P.P8P'.# #
#.##.#
##.....#.#####P_.#######
. .....#
##...##.'.8P...##
###.#### ##+# ###.#.####
#.# #.#..P# #.# #.###'#
#.....# #######


You could see Sigmund.

Vanquished Creatures
  Crazy Yiuf (D:2)
  Terence (D:2)
  3 gnolls (D:2)
  2 dart slugs (D:2)
  6 bats
  5 endoplasms
  7 giant cockroaches
  6 goblins
  5 hobgoblins
  7 jackals (D:2)
  A quokka (D:1)
  5 ball pythons
  3 frilled lizards
  5 kobolds
  10 rats
67 creatures vanquished.

Notes
Turn   | Place    | Note
-------+----------+-------------------------------------------
     0 | D:1      | lordive the Octopode Shapeshifter began the quest for the
                  | Orb.
     0 | D:1      | Reached XP level 1. HP: 13/13 MP: 1/1
    90 | D:1      | Reached XP level 2. HP: 18/18 MP: 2/2
   296 | D:1      | Reached XP level 3. HP: 15/23 MP: 3/3
  1201 | D:2      | Reached XP level 4. HP: 28/28 MP: 4/4
  1243 | D:2      | Found a runed translucent door.
  1244 | D:2      | Noticed Crazy Yiuf
  1450 | D:2      | Noticed Terence
  1474 | D:2      | Killed Terence
  1475 | D:2      | Reached XP level 5. HP: 19/33 MP: 5/5
  1809 | D:2      | Killed Crazy Yiuf
  2204 | D:3      | Found a faded altar of an unknown god.
  2234 | D:3      | Noticed Sigmund
  2242 | D:3      | Mangled by Sigmund

Illustrated notes

Levels and vault maps discovered:
D:1:      minmay_arrival_loop, layout_basic
D:2:      layout_loops_cross, hangedman_feature_mirror,
          corexii_item_surrounded_by_moat, uniq_crazy_yiuf_cottage, uniq_terence
D:3:      layout_loops_corners, chequers_temple_overflow_minitemple,
          shapermc_ecumenical_altar_ellora, uniq_sigmund

Skill      XL: |  1  2  3  4 |
---------------+-------------+-----
Shapeshifting  | 4 |  4.4
Unarmed Combat | 4 |  4.4
Fighting       | |  1.2
Dodging        | |  2.3

Action                     |  1- 3 |  4- 6 || total
---------------------------+-------+-------++-------
  Melee: Unarmed           |    77 |    41 ||   118
         Tentacles         |    17 |     8 ||    25
         Constrict         |    22 |    11 ||    33
         Punch             |     1 |       ||     1
   Stab: Sleeping          |     5 |     2 ||     7
 Armour: Skin              |    31 |    17 ||    48
  Dodge: Dodged            |    38 |    27 ||    65
